 Dungeon Crawl Stone Soup version 0.31-a0-636-ge1c0e020e0 (webtiles) character file.

Game seed: 10804445844678149085

1736 rvierbuc the Reanimator (level 8, 0/53 HPs)
             Began as a Demonspawn Necromancer on Aug 27, 2023.
             Was a Believer of Uskayaw.
             Slain by an unseen horror (4 damage)
             ... on level 7 of the Dungeon.
             The game lasted 00:36:22 (5640 turns).

rvierbuc the Reanimator (Demonspawn Necromancer)    Turns: 5640, Time: 00:36:25

Health: 0/53       AC:  8    Str:  2 (4)  XL:     8   Next: 76%
Magic:  0/20       EV: 12    Int: 19      God:    Uskayaw [**....]
Gold:   317        SH:  0    Dex: 11 (14) Spells: 6/23 levels left

rFire   . . .        d - +1 short sword (speed)
rCold   . . .        (no shield)
rNeg    + + .        t - +0 robe "Weidutij" {+Blink rElec Slay+3}
rPois   +            (no helmet)
rElec   +            B - +2 ratskin cloak {*Rats rPois rN+ Str-1 Int-1 Dex+1}
rCorr   .            p - +0 pair of gloves of Resilience {Harm Rampage Str-3 Stlth+}
SInv    .            (no boots)
Will    .....        x - amulet of the acrobat
Stlth   +++          j - ring of positive energy
HPRegen 0.28/turn    (no ring)
MPRegen 0.34/turn

%: harm (+30% outgoing, +20% incoming), acrobat, guardian spirit, rampage
@: no status effects
A: claws 1, magic shield, magic regeneration, sharp scales 2
a: Renounce Religion, Evoke Blink, Stomp, Line Pass


You were on level 7 of the Dungeon.
You worshipped Uskayaw.
Uskayaw was noncommittal.
You visited 1 branch of the dungeon, and saw 7 of its levels.
You also visited: Sewer.

You collected 317 gold pieces.

Inventory:

Hand Weapons
 d - a +1 short sword of speed (weapon)
 m - a +1 quarterstaff of speed
 C - a +0 orcbow
 E - a +1 dagger of venom
Missiles
 q - 17 atropa-tipped darts
Armour
 a - a +0 robe
 p - the +0 pair of gloves of Resilience (worn) {Harm Rampage Str-3 Stlth+}
   (You found it on level 3 of the Dungeon)

   Str-3:     It affects your strength (-3).
   Harm:      It increases damage dealt and taken.
   Rampage:   It bestows one free step when moving towards enemies.
   Stlth+:    It makes you more stealthy.
 t - the +0 robe "Weidutij" (worn) {+Blink rElec Slay+3}
   (You found it on level 4 of the Dungeon)

   Slay+3:    It affects your accuracy & damage with ranged weapons and melee
   (+3).
   rElec:     It insulates you from electricity.
   +Blink:    It lets you blink.
 v - +0 steam dragon scales
 w - a +0 cloak
 y - a +1 cloak
 B - the +2 ratskin cloak (worn) {*Rats rPois rN+ Str-1 Int-1 Dex+1}
   (You found it on level 5 of the Dungeon)

   *Rats:     When the wearer is hurt, rats may emerge from it to assist them.
   Str-1:     It affects your strength (-1).
   Int-1:     It affects your intelligence (-1).
   Dex+1:     It affects your dexterity (+1).
   rPois:     It protects you from poison rN+: It protects you from negative
   energy.
Magical Staves
 F - the staff of the Maze {rC+ Int+3 Ice}
   (You found it on level 6 of the Dungeon)

   [staff of cold]

   Base accuracy: +5 Base damage: 5 Base attack delay: 1.2 This weapon's minimum
   attack delay (0.6) is reached at skill level 12.
   Int+3:     It affects your intelligence (+3).
   rC+:       It protects you from cold.
   Ice:       It increases the power of your Ice spells.
   It falls into the 'Staves' category.
   It is a one-handed weapon.
Jewellery
 j - a ring of positive energy (left hand)
 x - an amulet of the acrobat (around neck)
Talismans
 l - a beast talisman
Wands
 b - a wand of roots (8)
 G - a wand of paralysis (13)
Scrolls
 c - 2 scrolls of brand weapon {unknown}
 e - 2 scrolls of vulnerability {unknown}
 f - 3 scrolls of noise {unknown}
 g - 10 scrolls of identify {unknown}
 k - 3 scrolls of poison {unknown}
 n - 2 scrolls of enchant armour {unknown}
 s - 3 scrolls of teleportation {unknown}
 u - 2 scrolls of torment {unknown}
 D - a scroll of blinking
Potions
 i - a potion of resistance
 r - 2 potions of curing
 z - a potion of mutation {unknown}
 A - a potion of might {unknown}


   Skills:
 + Level 0.3 Fighting
 + Level 1.0 Short Blades
 + Level 0.5 Maces & Flails
 + Level 2.3 Dodging
 + Level 2.5 Stealth
 + Level 8.0 Spellcasting
 + Level 8.6 Necromancy
 + Level 0.1 Evocations


You had 6 spell levels left.
You knew the following spells:

 Your Spells              Type           Power      Damage    Failure   Level
a - Necrotise             Necr           100%       1d9       1%          1
b - Vampiric Draining     Necr           40%        2d8       1%          3
c - Animate Dead          Necr           40%        N/A       2%          4
d - Agony                 Necr           40%        N/A       8%          5
e - Dispel Undead         Necr           40%        3d16      2%          4

Your spell library contained the following spells:

 Spells                   Type           Power      Damage    Failure   Level
 Cigotuvi's Dreadful Rot  Necr/Pois/Air  36%        N/A       4%          2
 Magic Dart               Conj           28%        1d4       9%          1
 Call Imp                 Summ           14%        N/A       14%         2
 Searing Ray              Conj           14%        2d5       14%         2
 Mephitic Cloud           Conj/Pois/Air  7%         N/A       26%         3
 Portal Projectile        Hex/Tloc       14%        N/A       26%         3
 Tukima's Dance           Hex            7%         N/A       26%         3
 Fulminant Prism          Conj/Hex       3%         3d5       65%         4
 Iskenderun's Mystic Bla  Conj/Tloc      7%         2d4       65%         4
 Death's Door             Necr           20%        N/A       100%        9


Dungeon Overview and Level Annotations

Branches:
Dungeon (7/15)             Temple (0/1) D:6           Sewer (visited)

Altars:
Gozag
Uskayaw

Shops:
D:2 =   D:6 *:*(

Annotations:
D:3 3 runed translucent doors, Fractals's ghost, amateur DsVM


Innate Abilities, Weirdness & Mutations

You have sharp fingernails.
When hurt, damage is shared between your health and your magic reserves.
You regenerate magic rapidly.
You are mostly covered in razor-sharp scales. (AC +2, Slay +2)


Message History

You see here a +0 shortbow.
Something barely misses you.
You hit something. Something hits you but does no damage.
You closely miss something. Something hits you.
You hit something but do no damage. Something hits you.
A hell rat scurries out from under your cloak.
You swap places.
Something hits your hell rat!
Something hits your hell rat but does no damage.
Something hits your hell rat!
Your hell rat dies!
Your reaping aura is weakening.
Something completely misses you.
You miss something.
Something hits you but does no damage. x2
You closely miss something. Something hits you. x2
* * * LOW HITPOINT WARNING * * *
You miss something. Something hits you but does no damage.
You hit something. Something hits you. Something hits you but does no damage.
You puncture something! Something hits you but does no damage.
You hit something but do no damage. Something hits you but does no damage.
You miss something.
Your reaping aura expires.
Something hits you!
* * * LOW HITPOINT WARNING * * *
Something hits you but does no damage.
Casting: Necrotise (safe; 1% risk of failure)
Confirm with . or Enter, or press ? or * to list all spells.
Aiming: Necrotise (safe; 1% risk of failure)
Press: ? - help, Shift-Dir - straight line Something writhes in agony.
Something hits you.
You can now pass through a line of other dancers.
Casting: Necrotise (safe; 1% risk of failure)
Confirm with . or Enter, or press ? or * to list all spells.
Aiming: Vampiric Draining (safe; 1% risk of failure)
Press: ? - help, Shift-Dir - straight line Nothing appears to happen.
Something hits you!
* * * LOW HITPOINT WARNING * * *
A hell rat scurries out from under your cloak.
Something hits you.
You die...

#.....###..#.####
#................
#.....##..##.###
##........#
#.#.##...#
#)#..#.........
#.#............
#.#######......
#..@r...+......
#########....#.
.$..# ...#


You could see a friendly hell rat (wandering).

Vanquished Creatures
  A steam dragon (D:4)
  A sky beast (D:6)
  An ice beast (D:6)
  2 ogres
  A centaur (D:6)
  A bullfrog (D:7)
  A gnoll sergeant (D:6)
  A scorpion (D:3)
  2 jellies (D:6)
  A hound (D:6)
  An orc priest (D:6)
  3 sleepcaps
  Ijyb (D:3)
  Terence (D:3)
  4 iguanas
  An orc wizard (D:5)
  4 hell rats (D:5)
  6 gnolls
  10 adders
  14 river rats (D:5)
  An ufetubus (D:6)
  A worm (D:6)
  2 dart slugs
  17 orcs
  8 ball pythons
  6 bats
  8 endoplasms
  2 giant cockroaches (Sewer)
  8 goblins
  7 hobgoblins
  3 jackals (D:1)
  A quokka (D:2)
  6 frilled lizards
  8 kobolds
  6 rats
141 creatures vanquished.

Vanquished Creatures (collateral kills)
  A bullfrog (Sewer)
  A gnoll (D:6)
  3 river rats (D:5)
  An adder (D:5)
  A white imp (D:5)
  An orc (D:6)
  An endoplasm (D:3)
  A giant cockroach (Sewer)
  A jackal (D:1)
  A quokka (D:1)
  4 ball pythons
  6 frilled lizards (Sewer)
  A kobold (D:1)
23 creatures vanquished.

Vanquished Creatures (others)
  2 hell rat zombies (D:5)
  2 adder zombies (D:5)
  A frilled lizard zombie (Sewer)
  A gnoll zombie (D:6)
  2 orc zombies (D:6)
  3 river rat zombies (D:5)
11 creatures vanquished.

Grand Total: 175 creatures vanquished

Notes
Turn   | Place    | Note
-------+----------+-------------------------------------------
     0 | D:1      | rvierbuc the Demonspawn Necromancer began the quest for the
                  | Orb.
     0 | D:1      | Reached XP level 1. HP: 13/13 MP: 3/3
   264 | D:1      | Gained mutation: You regenerate magic rapidly. [demonic
                  | ancestry]
   264 | D:1      | Reached XP level 2. HP: 19/19 MP: 1/5
   481 | D:1      | Found a faded altar of an unknown god.
   563 | D:1      | Prayed at the altar of an unknown god.
   563 | D:1      | Became a worshipper of Uskayaw the Reveller
   563 | D:1      | Reached * piety under Uskayaw
   596 | D:1      | Reached skill level 5 in Necromancy
   597 | D:1      | Reached ** piety under Uskayaw
   735 | D:1      | Reached XP level 3. HP: 24/24 MP: 4/6
  1155 | D:2      | Got the Monograph on the Autopsy
  1160 | D:2      | Learned a level 3 spell: Vampiric Draining
  1355 | D:2      | Found Saammif's Jewellery Emporium.
  1388 | D:2      | Gained mutation: When hurt, damage is shared between your
                  | health and your magic reserves. [demonic ancestry]
  1388 | D:2      | Reached XP level 4. HP: 30/30 MP: 6/8
  1794 | D:3      | Noticed a scorpion
  1800 | D:3      | Killed a scorpion
  1800 | D:3      | Reached *** piety under Uskayaw
  1814 | D:3      | Noticed Ijyb
  1828 | D:3      | Killed Ijyb
  1829 | D:3      | Gained mutation: You have sharp fingernails. [demonic
                  | ancestry]
  1829 | D:3      | Reached XP level 5. HP: 3/35 MP: 3/10
  1838 | D:3      | Noticed Terence
  2001 | D:3      | Found a runed translucent gate.
  2001 | D:3      | Found a runed translucent gate.
  2001 | D:3      | Found a runed translucent gate.
  2002 | D:3      | Noticed Fractals's ghost (amateur DsVM)
  2161 | D:3      | Identified the +0 pair of gloves of Resilience {Harm
                  | Rampage Str-3 Stlth+}
  2413 | D:3      | Killed Terence
  2570 | D:4      | Noticed a steam dragon
  2625 | D:4      | Identified the +0 robe "Weidutij" {+Blink rElec Slay+3}
  2750 | D:4      | Reached XP level 6. HP: 39/41 MP: 1/12
  2948 | D:4      | Killed a steam dragon
  2949 | D:4      | Reached skill level 5 in Spellcasting
  3106 | D:4      | Gained mutation: You are partially covered in razor-sharp
                  | scales. (AC +1, Slay +1) [demonic ancestry]
  3106 | D:4      | Reached XP level 7. HP: 40/46 MP: 7/14
  3272 | D:4      | Found an opulent altar of Gozag.
  3381 | D:4      | Learned a level 4 spell: Animate Dead
  3397 | D:5      | Entered Level 5 of the Dungeon
  4168 | D:5      | Reached **** piety under Uskayaw
  4176 | D:5      | HP: 2/44 [hell rat (12)]
  4178 | D:5      | Reached ***** piety under Uskayaw
  4211 | D:5      | Found the +2 ratskin cloak {*Rats rPois rN+ Str-1 Int-1
                  | Dex+1}
  4425 | D:6      | Gained mutation: You are mostly covered in razor-sharp
                  | scales. (AC +2, Slay +2) [demonic ancestry]
  4425 | D:6      | Reached XP level 8. HP: 30/52 MP: 8/17
  4516 | D:6      | Reached skill level 1 in Short Blades
  4535 | D:6      | Found a staircase to the Ecumenical Temple.
  4596 | D:6      | Found Sanep's General Store.
  4703 | D:6      | Found Dessijem's Book Shoppe.
  4718 | D:6      | Found Ymiuchon's General Store.
  4744 | D:6      | Found a glowing drain.
  4760 | Sewer    | Entered a sewer
  4892 | Sewer    | Learned a level 5 spell: Agony
  5048 | D:6      | Identified the staff of the Maze {rC+ Int+3 Ice}
  5055 | D:6      | Learned a level 4 spell: Dispel Undead
  5177 | D:6      | HP: 1/52 [centaur/arrow (3)]
  5350 | D:6      | Found Huqoischo's Antique Weapon Emporium.
  5640 | D:7      | Slain by an unseen horror

Illustrated notes

Levels and vault maps discovered:
D:1:      dpeg_arrival_short_road, layout_loops_ring,
          ebering_ecumenical_altar_hall, kennysheep_decorative_pillar,
          minmay_pentomino_z4
D:2:      layout_loops_ring, serial_shops, shop, minmay_misc_feat_pillars
D:3:      layout_loops_ring, gammafunk_ghost_split, uniq_terence, uniq_ijyb
D:4:      layout_rooms, grunt_gozag_statues, chequers_serial_rivers_micro_b
D:5:      wander_guarded_unrand_ratskin, layout_rooms,
          nicolae_kite_square_tiling_tiny
D:6:      layout_cave_pools, minmay_temple_entry_crystal_x,
          cheibrodos_sewer_entry_bend, serial_shops,
          nicolae_shop_competitors_out_of_business,
          nicolae_shop_just_a_little_nook, nicolae_shop_hallway_plus,
          nicolae_take_the_stairs, kennysheep_generic_room_16
D:7:      layout_basic

Skill      XL: |  1  2  3  4  5  6  7  8 |
---------------+-------------------------+-----
Necromancy     | 5 6 7 8 |  8.6
Spellcasting   | 3 4 5 6 8 |  8.0
Stealth        | 2 |  2.5
Dodging        | 2 |  2.3
Short Blades   | 1 |  1.0
Fighting       | |  0.3
Maces & Flails | |  0.5
Evocations     | |  0.1

Action                     |  1- 3 |  4- 6 |  7- 9 || total
---------------------------+-------+-------+-------++-------
  Melee: Whip              |    12 |     5 |       ||    17
         Unarmed           |     1 |       |       ||     1
         Short sword       |       |     4 |    93 ||    97
         Punch             |       |       |     3 ||     3
   Cast: Necrotise         |    59 |    88 |   147 ||   294
         Vampiric Draining |       |     5 |     3 ||     8
         Animate Dead      |       |       |    11 ||    11
Ability: Evoke Blink       |       |     2 |     1 ||     3
    Use: Potion            |       |     1 |     5 ||     6
   Stab: Distracted        |     1 |       |       ||     1
         Paralysed         |       |       |     1 ||     1
         Sleeping          |       |       |     1 ||     1
 Armour: Robe              |     5 |     4 |    41 ||    50
  Dodge: Dodged            |    31 |    11 |   102 ||   144

Table legend: (Time is in decaauts)
 A = Elapsed time spent in this place.
 B = Non-inter-level travel time spent in this place.
 C = Inter-level travel time spent in this place.
 D = Time resting spent in this place.
 E = Time spent auto-exploring this place.
 F = Levels seen in this place.
 G = Mean time per level.
                   A        B        C        D        E       F      G
               +--------+--------+--------+--------+--------+-----+--------+
         Total |   5636 |   5376 |    260 |    236 |   3689 |   8 |  704.5 |
       Dungeon |   5348 |   5088 |    260 |    236 |   3630 |   7 |  764.0 |
         Sewer |    288 |    288 |      0 |      0 |     59 |   1 |  288.0 |
               +--------+--------+--------+--------+--------+-----+--------+

Top non-repeatable levels by time:
     D:1: 1025 daAuts
     D:5: 998 daAuts
     D:6: 849 daAuts
     D:3: 825 daAuts
     D:4: 783 daAuts
     D:2: 760 daAuts
   Sewer: 288 daAuts
     D:7: 104 daAuts
